 Dungeon Crawl Stone Soup version 0.13.0-29-gdb529de (webtiles) character file.

191 Lilouch the Firebug (level 4, -10/24 HPs)
             Began as a Deep Elf Fire Elementalist on Nov 9, 2013.
             Killed by divine providence
             ... invoked by an orc priest
              (14 damage)
             ... on Level 3 of the Dungeon.
             The game lasted 00:15:30 (2597 turns).

Lilouch the Firebug (Deep Elf Fire Elementalist)    Turns: 2597, Time: 00:15:31

HP -10/24        AC  8     Str  5      XL: 4   Next: 64%
MP  11/13        EV 13     Int 21      God:
Gold 79          SH  0     Dex 15      Spells:  3 memorised,  1 level left

Res.Fire  : . . .   See Invis. : .   e - +0 sling
Res.Cold  : . . .   Warding    : .   a - +0 elf robe
Life Prot.: . . .   Conserve   : .   (no shield)
Res.Poison: .       Res.Corr.  : .   l - +0 helmet
Res.Elec. : .       Clarity    : .   (no cloak)
Sust.Abil.: . .     Spirit.Shd : .   (no gloves)
Res.Mut.  : .       Stasis     : .   (no boots)
Res.Rott. : .       Flight     : .   (no amulet)
Saprovore : . . .                    p - +3 ring of protection
                                     g - +2 ring of protection

@: slightly resistant to hostile enchantments, fairly stealthy
A: no striking features
a: no special abilities


You were on level 3 of the Dungeon.
You were hungry.

You visited 1 branch of the dungeon, and saw 3 of its levels.

You collected 59 gold pieces.

Inventory:

Hand weapons
 e - a +0,+0 sling (weapon)
 o - a +1,+1 dwarven dagger
 s - a +2,+0 elven dagger
 u - a +0,+4 mace
 y - a +0,+0 dagger
 C - a -1,+1 orcish dagger
 E - a +0,+0 dagger
 F - a -1,+1 orcish dagger
 I - a +0,+1 orcish dagger
Missiles
 k - 21 sling bullets
 r - 32 stones (quivered)
Armour
 a - a +0 elven robe (worn)
 l - a +0 helmet (worn)
Comestibles
 c - 2 bread rations
 x - 11 sultanas
 G - a meat ration
Scrolls
 d - a scroll of amnesia
 f - 2 scrolls of curse jewellery {unknown}
 h - 4 scrolls of enchant weapon I {unknown}
 m - a scroll of magic mapping
 z - 2 scrolls of blinking {unknown}
 A - 2 scrolls of remove curse {unknown}
 B - a scroll of recharging {unknown}
 H - a scroll of fog {unknown}
Jewellery
 g - a +2 ring of protection (left hand)
 p - a +3 ring of protection (right hand)
 q - a +3,+5 ring of slaying {unknown}
Potions
 i - a potion of degeneration {unknown}
 j - 3 potions of curing
 n - a potion of speed
 t - a potion of magic
 D - a potion of brilliance {unknown}
Books
 b - a book of Flames

   Spells                             Type                      Level
   *Flame Tongue                      Conjuration/Fire             1
   Throw Flame                        Conjuration/Fire             2
   *Conjure Flame                     Conjuration/Fire             3
   Inner Flame                        Hexes/Fire                   3
   *Sticky Flame                      Conjuration/Fire             4
   Fireball                           Conjuration/Fire             5


   Skills:
 - Level 2.4 Dodging
 - Level 2.4 Stealth
 + Level 3.2 Spellcasting
 * Level 3.6 Conjurations
 + Level 4.0 Fire Magic


You had one spell level left.
You knew the following spells:

 Your Spells              Type           Power        Failure   Level  Hunger
a - Flame Tongue          Conj/Fire      ###..        2%          1    None
b - Conjure Flame         Conj/Fire      ###.....     10%         3    ###....
c - Sticky Flame          Conj/Fire      ###.....     28%         4    ####...


Dungeon Overview and Level Annotations

Branches:
Dungeon (3/27)

Altars:
Fedhas
Makhleb


Message History

The orc wizard points at you and mumbles some strange words.
You resist.
The orc wizard casts a spell.
The orc wizard flickers and vanishes!
Deactivating autopickup; reactivate with Ctrl-A.
You are more confused.
The orc priest glows brightly for a moment.
Ouch!
The orc priest mumbles some strange prayers to Beogh against you.
Pain shoots through your body!
Ouch! Ouch!
The orc priest invokes the aid of Beogh against you.
Pain shoots through your body! The puff of flame hits you!
* * * LOW HITPOINT WARNING * * *
You feel less confused.
The orc priest calls down the wrath of Beogh upon you.
Something smites you!
Ouch! That really hurt!
You die...

................####.............
.................................
...#########'###.....####........
##......####.###.....####........
>'......)......'.....'..'........
.#...........###.....####........
.#.......###############.........
.#.......#....########.o.........
.#.......#......@......#######.##
.#.......#.....#######.# ### #...
.#.......#..<..........#######...
.#.......#.....#######...'_'.....
.#.......#.....#######.###'###.##
.##....#.#...........#.# #.# #...
'##....#.#...........'.###.###...
.......#.#....#......#...........
.......#................+...'..##


You could see an orc priest.

Vanquished Creatures
  6 adders
  A giant mite (D:3)
  A worm (D:2)
  A giant gecko (D:2)
  2 giant cockroaches (D:2)
  7 goblins
  5 hobgoblins
  6 bats
  4 giant newts
  11 kobolds
  4 rats
48 creatures vanquished.

Notes
Turn   | Place    | Note
--------------------------------------------------------------
     0 | D:1      | Lilouch, the Deep Elf Fire Elementalist, began the quest for the Orb.
     0 | D:1      | Reached XP level 1. HP: 10/10 MP: 4/4
   334 | D:1      | Reached XP level 2. HP: 15/15 MP: 1/7
   751 | D:2      | Reached XP level 3. HP: 19/19 MP: 5/9
   838 | D:2      | Found a blossoming altar of Fedhas.
  1533 | D:3      | Reached XP level 4. HP: 24/24 MP: 11/13
  1782 | D:3      | Found a burning altar of Makhleb.
  1979 | D:3      | Reached skill level 4 in Fire Magic
  2015 | D:3      | Learned a level 3 spell: Conjure Flame
  2301 | D:2      | Learned a level 4 spell: Sticky Flame
  2597 | D:3      | Killed from afar by an orc priest

Action                   |  1- 3 |  4- 6 || total
-------------------------+-------+-------++-------
Melee: Unarmed           |     4 |       ||     4
 Fire: Sling             |       |    12 ||    12
Throw: Dagger            |    30 |     8 ||    38
       Stone             |     1 |     4 ||     5
 Cast: Flame Tongue      |    53 |    22 ||    75
       Conjure Flame     |       |     1 ||     1
  Use: Scroll            |       |     4 ||     4
